 Dungeon Crawl Stone Soup version 0.27.1-37-g7b29ead8ac (webtiles) character file.

Game seed: 1574052291561698399

322 cbfl8 the Chopper (level 6, 0/48 HPs)
             Began as a Demonspawn Fighter on July 2, 2023.
             Was an Initiate of Yredelemnul.
             Killed from afar by an orc wizard (9 damage)
             ... with a puff of flame
             ... on level 3 of the Dungeon.
             The game lasted 00:03:44 (5278 turns).

cbfl8 the Chopper (Demonspawn Fighter)              Turns: 5278, Time: 00:03:46

Health: 0/48       AC: 10    Str: 16    XL:     6   Next: 22%
Magic:  7/7        EV:  8    Int: 10    God:    Yredelemnul [......]
Gold:   179        SH:  9    Dex: 14    Spells: 5/5 levels left

rFire    . . .     SeeInvis .   a - +1 war axe (venom)
rCold    . . .     Faith    .   c - +0 kite shield
rNeg     . . .     Spirit   .   h - +0 chain mail
rPois    .         Reflect  .   (no helmet)
rElec    .         Harm     .   (no cloak)
rCorr    .         Rampage  .   (no gloves)
Will     .....                  (no boots)
Stlth    ..........             (no amulet)
HPRegen  0.16/turn              e - +4 ring of evasion
MPRegen  0.10/turn              (no ring)

@: no status effects
A: claws 1, rugged brown scales 1, condensation shield
a: Renounce Religion


You were on level 3 of the Dungeon.
You worshipped Yredelemnul.
Yredelemnul was noncommittal.
You visited 1 branch of the dungeon, and saw 4 of its levels.

You collected 179 gold pieces.

Inventory:

Hand Weapons
 a - a +1 war axe of venom (weapon)
Armour
 c - a +0 kite shield (worn)
 h - a +0 chain mail (worn)
Jewellery
 e - a +4 ring of evasion (left claw)
Wands
 l - a wand of flame (17)
 o - a wand of iceblast (9)
Scrolls
 i - a scroll of noise
 k - a scroll of blinking
 m - a scroll of immolation {unknown}
 n - a scroll of magic mapping {unknown}
 p - a scroll of teleportation {unknown}
Potions
 d - a potion of might
 f - a potion of ambrosia {unknown}
 g - 2 potions of lignification
 j - a potion of haste {unknown}


   Skills:
 + Level 3.4 Fighting
 * Level 3.6 Axes
 + Level 3.5 Armour
 + Level 0.8 Dodging
 * Level 1.6 Stealth
 + Level 3.2 Shields
 - Level 2.0 Invocations
 * Level 2.1 Evocations


You had 5 spell levels left.
You didn't know any spells.
Your spell library contained the following spells:

 Spells                   Type           Power      Damage    Failure   Level
 Corpse Rot               Necr/Air       N/A        N/A       100%        2
 Poisonous Vapours        Pois/Air       0%         N/A       100%        2
 Freezing Cloud           Conj/Ice/Air   0%         6-21      100%        5


Dungeon Overview and Level Annotations

Branches:
Dungeon (4/15)             Temple (0/1) D:4

Altars:
Yredelemnul


Innate Abilities, Weirdness & Mutations

You have sharp fingernails.
You are partially covered in rugged brown scales. (AC +1, +3% HP)
A meltable shield of frost defends you. (SH +0)


Message History

The orc priest invokes the aid of Beogh against you.
Beogh smites you!
You hear some strange, mumbled words.
You are confused.
A magic dart appears from out of thin air!
The magic dart hits you.
* * * LOW HITPOINT WARNING * * *
Something hits you but does no damage. Something hits you but does no damage.
The orc priest hits you with a +0 dagger.
* * * LOW HITPOINT WARNING * * *
You bump into the rock wall.
The orc priest closely misses you.
You feel less confused. Something hits you but does no damage.
There is an escape hatch in the ceiling here.
Something hits you but does no damage. A mysterious force pulls you upwards.
The hatch slams shut behind you.
Reactivating autopickup.
You start resting.
You hear some strange, mumbled words.
Deactivating autopickup; reactivate with Ctrl-A.
Something tries to affect you, but you resist.
You start resting.
Something hits you but does no damage.
You start resting.
Something hits you but does no damage.
You start resting.
Something hits you but does no damage. Something hits you but does no damage.
You hear some strange, mumbled words.
A magic dart appears from out of thin air!
The magic dart hits you.
* * * LOW HITPOINT WARNING * * *
You closely miss something. Something hits you but does no damage.
Your shield and chain mail prevent you from hitting something.
Something hits you.
* * * LOW HITPOINT WARNING * * *
You hear some strange, mumbled words.
A puff of flame appears from out of thin air!
The puff of flame hits you!
Your condensation shield dissipates!
You die...
Your body rises from the dead as a mindless zombie.

#.#######.# #.# #.# #.# #.#
######### #.# #.# ........#
####.# #####.#######
#######.#####....###...........#
#####................<...#####.#
.................#....#..# #.#
#####.########.#@.#......# #.#
......# #.#{###.....# #.#
####### #.##.#.....## #.## #####
#.###....#.# #... ....#
#.###.#.##.# #### ###.#
#.......##.# #.# #####.####.###
#.# #.# #...# # #.# #.# ###.#


There were no monsters in sight!

Vanquished Creatures
  A gnoll sergeant (D:3)
  An orc priest (D:4)
  Ijyb (D:3)
  Jessica (D:3)
  A hound skeleton (D:4)
  4 adders
  6 gnolls
  A worm (D:3)
  3 orcs (D:4)
  7 bats
  6 endoplasms
  3 giant cockroaches
  7 goblins
  5 hobgoblins
  4 jackals (D:2)
  3 quokkas
  8 ball pythons
  A frilled lizard (D:2)
  2 kobolds
  3 rats
68 creatures vanquished.

Notes
Turn   | Place    | Note
-------+----------+-------------------------------------------
     0 | D:1      | cbfl8 the Demonspawn Fighter began the quest for the Orb.
     0 | D:1      | Reached XP level 1. HP: 18/18 MP: 1/1
   232 | D:1      | Gained mutation: You are partially covered in rugged brown
                  | scales. (AC +1, +3% HP) [demonic ancestry]
   232 | D:1      | Reached XP level 2. HP: 18/24 MP: 2/2
   592 | D:1      | Reached skill level 1 in Evocations
   940 | D:2      | Found a faded altar of an unknown god.
   958 | D:2      | Reached XP level 3. HP: 24/29 MP: 3/3
  1234 | D:1      | Reached skill level 1 in Invocations
  1710 | D:1      | Gained mutation: A meltable shield of frost defends you.
                  | (SH +0) [demonic ancestry]
  1710 | D:1      | Reached XP level 4. HP: 28/36 MP: 4/4
  2654 | D:3      | Noticed Jessica
  2667 | D:3      | Killed Jessica
  2668 | D:3      | Reached skill level 1 in Stealth
  3073 | D:3      | Found a basalt altar of Yredelemnul.
  3584 | D:3      | Gained mutation: You have sharp fingernails. [demonic
                  | ancestry]
  3584 | D:3      | Reached XP level 5. HP: 42/42 MP: 6/6
  3768 | D:3      | Noticed Ijyb
  3780 | D:3      | Killed Ijyb
  4035 | D:3      | Became a worshipper of Yredelemnul the Dark
  5052 | D:4      | Reached XP level 6. HP: 34/48 MP: 7/7
  5200 | D:4      | Found a staircase to the Ecumenical Temple.
  5278 | D:3      | Killed from afar by an orc wizard

Illustrated notes

Levels and vault maps discovered:
D:1:      zelgadis_glass_arrival_small, layout_loops_ring
D:2:      layout_rooms, hellmonk_ecumenical_altar_arch_garden
D:3:      layout_loops_ring, old_standard_altar, uniq_jessica, uniq_ijyb
D:4:      layout_loops_ring, minmay_temple_entry_proselytizer,
          roderic_roman_lattice

Skill      XL: |  1  2  3  4  5 |
---------------+----------------+-----
Shields        | 3 |  3.2
Evocations     | 1 2 |  2.1
Axes           | 2 3 |  3.6
Armour         | 3 |  3.5
Invocations    | 1 2 |  2.0
Stealth        | 1 |  1.6
Fighting       | |  3.4
Dodging        | |  0.8

Action                   |  1- 3 |  4- 6 || total
-------------------------+-------+-------++-------
Melee: War axe           |    91 |   131 ||   222
  Use: Scroll            |     4 |     3 ||     7
Armor: Scale mail        |    30 |       ||    30
       Chain mail        |    15 |    48 ||    63
Dodge: Dodged            |    58 |    36 ||    94
Block: Kite shield       |    79 |    89 ||   168
